Map: Ley Lines

Players

llllllllllll - Winner!

  • Race: Terran Terran
  • League: Diamond
  • Spawn Location: 7:00

IIIIIIII

  • Race: Terran Terran
  • League: Master
  • Spawn Location: 1:00

VOD

Have the link to the VOD?

Description

Time

  • Played on: April 25, 2025, 10:09 a.m.
  • Length: 3:06
Show
View Real Time Build Order
Export as new Build Order

llllllllllll Terran - Winner!

Build Orders:  

Get SALT Encoding   

  12  0:00  SCV  
  13  0:12  SCV  
  14  0:18  Supply Depot  
  14  0:24  SCV  
  15  0:29  Refinery  
  15  0:39  SCV  
  16  0:49  Barracks  
  16  1:03  Barracks  
  16  1:19  Barracks  
  16  1:36  Reaper  
  16  1:38  Refinery  
  17  1:50  Reaper  
  18  1:57  Orbital Command  
  18  2:05  Reaper  
  19  2:10  Reaper  
  19  2:22  Reaper  
Show
View Real Time Build Order
Export as new Build Order

IIIIIIII Terran 

Build Orders: Reaper Expand 

Get SALT Encoding   

  12  0:02  SCV  
  13  0:15  SCV  
  13  0:17  Supply Depot  
  14  0:27  SCV  
  15  0:39  SCV  
  15  0:40  Barracks  
  16  0:44  Refinery  
  16  0:51  SCV  
  17  1:03  SCV  
  18  1:18  SCV  
  19  1:27  Reaper  
  19  1:31  Orbital Command  
  20  1:49  Command Center  
  20  1:56  Supply Depot  
  20  1:58  SCV  
  20  1:59  Marine  
  22  2:10  SCV  
  22  2:11  Factory  
  23  2:19  Marine  
  25  2:22  SCV  
  25  2:23  Bunker  
  25  2:35  SCV  
  25  2:36  Marine  
  23  2:47  SCV  
Tags
 
Matchup
TvT
Race
Terran
Replay Pack
kreditionep2
Spawn Locations
Cross Positions
Add a new tag
Caveats
  • Supply blocks, unpowered buildings, or Contaminate may cause inaccurate times.
  • Supply counts are checked every 10 seconds.